 Dungeon Crawl Stone Soup version 0.20-a0-454-g2b43fbb (webtiles) character file.

73110 Duffy the Cleaver (level 15, -7/84 HPs)
             Began as a Vine Stalker Fighter on Jan 9, 2017.
             Was the Champion of Makhleb.
             Killed by divine providence
             ... invoked by an orc high priest
              (12 damage)
             ... on level 2 of the Orcish Mines.
             The game lasted 00:28:10 (18690 turns).

Duffy the Cleaver (Vine Stalker Fighter)           Turns: 18690, Time: 00:28:11

Health: -7/84      AC:  7    Str: 28    XL:     15   Next: 42%
Magic:  0/21       EV: 13    Int:  8    God:    Makhleb [******]
Gold:   1334       SH: 13    Dex: 14    Spells: 14/14 levels left

rFire  + + .     SeeInvis .     a - +4 broad axe (flame)
rCold  . . .     Gourm    .     p - +1 chain mail {rF+}
rNeg   . . .     Faith    .     c - +0 shield
rPois  +         Spirit   +     (no helmet)
rElec  .         Reflect  .     K - +2 cloak {rF+}
rCorr  .         Harm     .     t - +0 pair of gloves {Str+3}
MR     +....                    O - +0 pair of boots
Stlth  ..........               Q - amulet of rage
                                w - ring of poison resistance
                                L - +5 ring of evasion

@: corroded
A: fangs 3, regeneration 2, magic shield, antimagic bite, no potion heal 3, rot
immunity
a: Minor Destruction, Lesser Servant of Makhleb, Major Destruction, Greater
Servant of Makhleb, Renounce Religion, Evoke Berserk Rage


You were on level 2 of the Orcish Mines.
You worshipped Makhleb.
Makhleb was exalted by your worship.
You were not hungry.

You visited 4 branches of the dungeon, and saw 21 of its levels.
You also visited: Volcano.

You collected 1724 gold pieces.
You spent 390 gold pieces at shops.

Inventory:

Hand Weapons
 a - a +4 broad axe of flaming (weapon)
 U - a +4 blowgun
Missiles
 V - 5 curare-tipped needles
 X - a throwing net (quivered)
Armour
 c - a +0 shield (worn)
 p - a +1 chain mail of fire resistance (worn)
 t - a +0 pair of gloves of strength (worn)
 K - a +2 cloak of fire resistance (worn)
 O - a +0 pair of boots (worn)
Jewellery
 w - a ring of poison resistance (right hand)
 B - an uncursed ring of protection from cold
 L - a +5 ring of evasion (left hand)
 Q - an amulet of rage (around neck)
 R - an uncursed ring of ice
Wands
 b - a wand of flame (24/48)
 k - a wand of confusion (22/48)
 y - a wand of disintegration (14/24)
 H - a wand of iceblast (5/15)
 M - a wand of iceblast (5/15)
 N - a wand of paralysis (9/24)
 W - a wand of lightning (0/15)
Scrolls
 e - 2 scrolls of vulnerability
 i - 3 scrolls of magic mapping
 n - 3 scrolls of immolation
 u - 9 scrolls of remove curse
 v - 2 scrolls of fog
 A - 3 scrolls of fear
 C - 3 scrolls of enchant armour
 D - 3 scrolls of enchant weapon
 F - 4 scrolls of recharging
 G - a scroll of blinking
Potions
 d - a potion of might
 h - 5 potions of brilliance {unknown}
 j - a potion of ambrosia
 q - 3 potions of haste {unknown}
 r - 3 potions of resistance
 x - 7 potions of curing
 z - 2 potions of agility
 E - a potion of magic {unknown}
 I - 4 potions of cancellation
 P - a potion of beneficial mutation
Miscellaneous
 s - a fan of gales
 J - a sack of spiders
 Z - a lightning rod (4/4)
Comestibles
 f - 10 bread rations
 g - 7 royal jellies
 l - 13 meat rations
 m - 4 chunks of flesh
 Y - 10 fruits


   Skills:
 + Level 11.8 Fighting
 * Level 12.5 Axes
 + Level 10.5 Armour
 + Level 11.5 Shields
 - Level 6.0 Invocations
 - Level 7.5 Evocations


You had 14 spell levels left.
You didn't know any spells.

Dungeon Overview and Level Annotations

Branches:
Dungeon (12/15)            Temple (1/1) D:5            Lair (6/6) D:10
 Shoals (0/4) Lair:3        Snake (0/4) Lair:2        Slime (0/5) Lair:5
    Orc (2/2) D:12
    Elf: Orc:2

Altars:
Ashenzari
Cheibriados
Dithmenos
Elyvilon
Fedhas
Gozag
Hepliaklqana
Kikubaaqudgha
Makhleb
Nemelex Xobeh
Okawaru
Qazlal
Ru
Sif Muna
Trog
Uskayaw
Vehumet
Xom
Yredelemnul
Zin
The Shining One
Beogh

Shops:
D:11 [

Annotations:
D:7 exclusion: orc wizard
Lair:5 exclusion: 4 oklob plants


Innate Abilities, Weirdness & Mutations

You have razor-sharp teeth.
You heal very quickly.
When hurt, damage is shared between your health and your magic reserves.
Your bite disrupts and absorbs the magic of your enemies.
Potions cannot restore your health.
You are immune to rotting.


Message History

The rust devil corrodes you! The orange demon stings you from afar.
You block the orc sorcerer's attack.
You slash the orc sorcerer! You burn the orc sorcerer.
You bite the orc sorcerer, but do no damage.
The orc sorcerer is moderately wounded.
You closely miss the rust devil. You closely miss the ice devil.
The orc high priest hits you but does no damage.
You block the ice devil's attack. You block the rust devil's attack.
The orange demon stings you from afar!
The ynoxinul gestures.
The orc sorcerer hits you with a dagger.
Okay, then.
You hit the orc sorcerer but do no damage.
Your bite misses the orc sorcerer.
The orc sorcerer is moderately wounded.
You slash the rust devil! You hit the ice devil. You burn the ice devil.
The ice devil hits you. The ice devil freezes you!
The orc high priest calls down the wrath of Beogh upon you.
Beogh smites you!
You die...

o#####.##..#.#...
...o............#
o#####.##o.#...# #. #.## #
#. #..# #. #..## .. #...#
## .# ##.###.## .. .
#.#)#@..##... #54oo44......
#534#5....... #5##.5.......
##############..........
...........................
...........................
((.........#...............
...(.......................


You could see an orc high priest, 2 orange demons, an ice devil, a rust devil, a
ynoxinul, an orc sorcerer and 5 ufetubi.

Vanquished Creatures
  Snorg (Lair:3)
  7 hydras
  Josephine (D:11)
  4 two-headed ogres
  6 death yaks
  Sonja (D:10)
  Pikel (D:5)
  2 orc knights
  The ghost of Duffy the Chopper, a novice NaFi of Makhleb (D:6)
  An orc sorcerer (Volcano)
  3 ugly things
  A merfolk siren (Lair:3)
  2 black mambas
  Maurice (Orc:2)
  13 elephants
  A smoke demon (Volcano)
  A gargoyle (D:10)
  27 spiny frogs
  3 centaur skeletons
  A kobold demonologist (D:9)
  7 komodo dragons
  3 rime drakes
  3 red devils (Volcano)
  A queen bee (Lair:5)
  4 trolls
  4 merfolk
  3 meliai (Lair:5)
  Grinder (D:4)
  4 tyrant leeches (Lair:6)
  6 dream sheep (Lair:3)
  43 blink frogs
  8 hippogriffs
  2 shadows (D:12)
  5 wyverns
  4 wraiths
  39 yaks
  A basilisk (D:12)
  A hungry ghost (D:11)
  9 vampire mosquitoes
  A warg (Orc:1)
  3 nagas (Lair:2)
  A soldier ant (D:11)
  10 porcupines
  16 water moccasins
  Purgy (D:3)
  A hornet zombie (D:9)
  A slave (D:4)
  20 orc warriors
  A sky beast (D:8)
  15 ogres
  2 wolves (Lair:5)
  14 crocodiles
  7 centaurs
  16 big kobolds
  Blork the orc (D:6)
  20 bullfrogs
  A gnoll sergeant (D:7)
  A water moccasin zombie (D:8)
  A wyvern skeleton (D:12)
  A scorpion (D:7)
  36 killer bees
  11 wights
  7 howler monkeys
  2 electric eels (Lair:6)
  A lava snake (Lair:4)
  4 crimson imps
  2 centaur zombies
  A bullfrog zombie (D:12)
  3 hounds
  10 orc priests
  7 jellies
  12 orc wizards
  Crazy Yiuf (D:7)
  7 iguanas
  Natasha (thrice) (D:2)
  2 hell rats (Lair:5)
  11 worker ants
  A killer bee zombie (D:5)
  2 hound zombies
  A howler monkey skeleton (D:8)
  A howler monkey zombie (D:5)
  11 gnolls
  A worker ant zombie (D:5)
  16 adders
  8 river rats (D:4)
  A shadow imp (D:7)
  An ooze (D:3)
  2 adder skeletons
  A worm (D:3)
  5 dart slugs
  3 leopard geckos
  76 orcs
  3 giant cockroaches (D:1)
  4 goblins
  A hobgoblin (D:3)
  5 jackals
  22 kobolds
  6 quokkas
  2 bats (D:2)
  3 frilled lizards
  A jackal skeleton (D:4)
  A jackal zombie (D:5)
  2 leopard gecko skeletons
  A leopard gecko zombie (D:5)
  4 quokka skeletons
  4 quokka zombies
  18 rats
  6 fungi
  10 plants
  A withered plant (D:5)
704 creatures vanquished.

Vanquished Creatures (collateral kills)
  A hydra (Lair:1)
  A bullfrog (Lair:2)
2 creatures vanquished.

Vanquished Creatures (others)
  3 slaves (D:4)
  An orc wizard (D:9)
  A worker ant zombie (D:11)
  A gnoll (D:4)
  12 fungi
  18 plants
36 creatures vanquished.

Grand Total: 742 creatures vanquished

Notes
Turn   | Place    | Note
-------+----------+-------------------------------------------
     0 | D:1      | Duffy the Vine Stalker Fighter began the quest for the Orb.
     0 | D:1      | Reached XP level 1. HP: 11/11 MP: 2/2
   155 | D:1      | Reached XP level 2. HP: 8/16 MP: 3/3
   868 | D:2      | Noticed Natasha
   882 | D:2      | Killed Natasha
   882 | D:2      | Reached skill level 2 in Axes
   882 | D:2      | Reached XP level 3. HP: 7/20 MP: 1/4
  1241 | D:2      | Gained mutation: Your natural rate of healing is unusually fast. [Vine Stalker growth]
  1241 | D:2      | Reached XP level 4. HP: 24/24 MP: 5/5
  1309 | D:2      | Noticed Natasha
  1312 | D:2      | Killed Natasha
  1406 | D:2      | Noticed Natasha
  1411 | D:2      | Killed Natasha
  1411 | D:2      | Reached XP level 5. HP: 13/28 MP: 4/6
  1956 | D:3      | Noticed Purgy
  2009 | D:3      | Killed Purgy
  2009 | D:3      | Reached XP level 6. HP: 24/33 MP: 5/7
  2564 | D:4      | Reached skill level 3 in Axes
  2692 | D:4      | Noticed a water moccasin
  2693 | D:4      | Noticed Pikel
  2693 | D:4      | Noticed a slave
  2694 | D:4      | Noticed a slave
  2694 | D:4      | Noticed a slave
  2694 | D:4      | Noticed a slave
  2753 | D:4      | Killed a slave
  2759 | D:4      | Killed a water moccasin
  2759 | D:4      | Reached XP level 7. HP: 18/37 MP: 6/8
  2793 | D:5      | Entered Level 5 of the Dungeon
  2872 | D:5      | Killed Pikel
  2872 | D:5      | Reached skill level 5 in Fighting
  2872 | D:5      | Reached skill level 4 in Axes
  2872 | D:5      | Reached skill level 5 in Shields
  2872 | D:5      | Gained mutation: You have razor-sharp teeth. [Vine Stalker growth]
  2872 | D:5      | Reached XP level 8. HP: 40/43 MP: 9/9
  3085 | D:4      | Noticed Grinder
  3089 | D:4      | Paralysed by Grinder for 4 turns
  3115 | D:4      | Killed Grinder
  3115 | D:4      | Reached skill level 5 in Armour
  3341 | D:4      | Reached skill level 5 in Axes
  3772 | D:5      | Reached XP level 9. HP: 34/48 MP: 8/10
  4014 | D:5      | Found a staircase to the Ecumenical Temple.
  4046 | Temple   | Entered the Ecumenical Temple
  4054 | Temple   | Became a worshipper of Makhleb the Destroyer
  4534 | D:6      | Noticed Blork the orc
  4547 | D:6      | Killed Blork the orc
  4643 | D:6      | Noticed Duffy's ghost (novice NaFi)
  5164 | D:7      | Reached * piety under Makhleb
  5516 | D:7      | Reached skill level 6 in Axes
  5615 | D:7      | You fall through a shaft for 3 floors!
  5615 | D:10     | Entered Level 10 of the Dungeon
  5781 | D:8      | Reached skill level 1 in Evocations
  6430 | D:7      | Found a runed door.
  6606 | D:7      | Noticed Crazy Yiuf
  6612 | D:7      | Killed Crazy Yiuf
  6712 | D:8      | Noticed a two-headed ogre
  6760 | D:8      | Killed a two-headed ogre
  6760 | D:8      | Reached XP level 10. HP: 38/53 MP: 7/12
  6810 | D:8      | Reached ** piety under Makhleb
  7204 | D:9      | Found a sparkling altar of Nemelex Xobeh.
  7205 | D:9      | Found a hide-covered altar of Uskayaw.
  7205 | D:9      | Found a shimmering altar of Xom.
  7351 | D:9      | Noticed a green ugly thing
  7360 | D:9      | Killed a green ugly thing
  7613 | D:9      | Reached skill level 7 in Axes
  7683 | D:9      | Noticed a kobold demonologist
  7708 | D:9      | Killed a kobold demonologist
  7754 | D:9      | Reached XP level 11. HP: 59/59 MP: 15/15
  7864 | D:9      | Reached *** piety under Makhleb
  8044 | D:10     | Noticed Sonja
  8047 | D:10     | Killed Sonja
  8153 | D:10     | Reached skill level 5 in Evocations
  8777 | D:10     | Found a staircase to the Lair.
  8788 | Lair:1   | Entered Level 1 of the Lair of Beasts
  9153 | Lair:1   | Noticed a six-headed hydra
  9184 | Lair:1   | Noticed a six-headed hydra
  9208 | D:10     | You fall through a shaft!
  9357 | D:11     | Noticed a two-headed ogre
  9369 | D:12     | Killed a two-headed ogre
  9571 | D:12     | Gained mutation: You heal very quickly. [Vine Stalker growth]
  9571 | D:12     | Reached XP level 12. HP: 65/65 MP: 18/18
  9581 | D:12     | Reached skill level 8 in Axes
  9586 | D:12     | Noticed a five-headed hydra
  9666 | D:11     | Noticed Josephine
  9678 | D:11     | Reached **** piety under Makhleb
  9684 | D:11     | Killed Josephine
  9954 | D:11     | Found Luwoyxi's Armour Emporium.
 10013 | D:12     | Killed a six-headed hydra
 10279 | D:12     | Found a roughly hewn altar of Beogh.
 10279 | D:12     | Found a staircase to the Orcish Mines.
 10333 | D:12     | Found a roughly hewn altar of Beogh.
 10593 | D:12     | Reached ***** piety under Makhleb
 10663 | D:12     | Reached skill level 9 in Axes
 10779 | D:12     | Noticed a two-headed ogre
 10788 | D:12     | Killed a two-headed ogre
 11155 | D:11     | Bought a +0 pair of gloves of strength for 138 gold pieces
 11155 | D:11     | Bought a +2 cloak for 198 gold pieces
 11155 | D:11     | Bought a +0 pair of boots for 54 gold pieces
 11447 | Lair:1   | Killed an 11-headed hydra
 11542 | Lair:1   | Killed a six-headed hydra
 11648 | Lair:1   | Reached XP level 13. HP: 71/71 MP: 16/19
 11889 | Lair:2   | Found a staircase to the Snake Pit.
 11896 | Lair:2   | Reached skill level 5 in Invocations
 12526 | Lair:3   | Noticed Snorg
 12533 | Lair:3   | Killed Snorg
 12579 | Lair:3   | Found a dark tunnel.
 12586 | Volcano  | Entered a volcano
 12676 | Volcano  | Reached skill level 10 in Fighting
 12895 | Lair:3   | Found a staircase to the Shoals.
 13713 | Lair:4   | Reached skill level 10 in Shields
 13738 | Lair:4   | Reached skill level 10 in Axes
 13896 | Lair:4   | Reached XP level 14. HP: 77/77 MP: 20/20
 14589 | Lair:5   | Found a burning altar of Makhleb.
 14698 | Lair:5   | Reached ****** piety under Makhleb
 15216 | Lair:5   | Reached skill level 11 in Axes
 15452 | Lair:5   | Found a staircase to the Slime Pits.
 15543 | Lair:5   | Reached skill level 10 in Armour
 15792 | Lair:6   | Entered Level 6 of the Lair of Beasts
 16205 | Lair:6   | Reached XP level 15. HP: 78/83 MP: 18/21
 16336 | Lair:6   | Reached skill level 12 in Axes
 17936 | D:6      | Killed Duffy's ghost
 18078 | Orc:1    | Entered Level 1 of the Orcish Mines
 18078 | Orc:1    | Found a bloodstained altar of Trog.
 18205 | Orc:2    | Entered Level 2 of the Orcish Mines
 18210 | Orc:2    | Noticed Maurice
 18220 | Orc:2    | Killed Maurice
 18683 | Orc:2    | Paralysed by an orc sorcerer for 4 turns
 18690 | Orc:2    | Killed from afar by an orc high priest

Vault maps used:
D:1:      saegor_arrival_simple_b
D:2:      first_bread, minmay_misc_feat_plants, uniq_natasha
D:3:      uniq_purgy
D:4:      dk_rats_in_the_wall, uniq_grinder, uniq_pikel
D:5:      serial_undead, serial_undead_c, serial_undead_c, serial_undead_e,
          serial_undead_f
D:6:      uniq_blork_the_orc
D:7:      tgw_sif, uniq_crazy_yiuf_cottage
D:9:      grunt_temple_overflow_open
D:10:     lair_entry_dummy, uniq_sonja
D:11:     serial_shops, shop, hangedman_stone_soup, kennysheep_generic_room_9,
          uniq_josephine
D:12:     david_orc_5
Temple:   nicolae_temple_no_exploring_needed
Lair:2:   guppyfry_snake_entry_garden
Lair:3:   elwin_shoals_entry_stream, nicolae_volcano_entry_hallway,
          grunt_megastairs_1, uniq_snorg
Lair:4:   beast_lair_carwin_7, lemuel_fruit_fields
Lair:5:   hangedman_what_comes_after_a, slime_dummy, lemuel_centaur_altar
Lair:6:   minmay_lair_end_frog_pond, lookout_lair_type, st_stairs_11,
          infiniplex_staircase_pool_2
Orc:1:    basic_altar
Orc:2:    st_orc_elflike, serial_shops, nicolae_shop_trees, rock_pile,
          uniq_maurice
Volcano:  volcano_pools

Skill      XL: |  1  2  3  4  5  6  7  8  9 10 11 12 13 14 15 |
---------------+----------------------------------------------+-----
Shields        | 3 4 5 6 7 8 9 10 11 | 11.5
Fighting       | 3 4 5 6 7 8 9 10 11 | 11.8
Axes           | 2 3 4 5 6 7 9 10 11 12 | 12.5
Armour         | 3 4 5 6 7 8 9 10 | 10.5
Evocations     | 2 4 7 |  7.5
Invocations    | 4 6 |  6.0

Action                   |  1- 3 |  4- 6 |  7- 9 | 10-12 | 13-15 || total
-------------------------+-------+-------+-------+-------+-------++-------
Melee: War axe           |    61 |   178 |   384 |   602 |    98 ||  1323
       Bite              |    14 |    48 |   138 |   227 |   304 ||   731
       Broad axe         |       |       |       |       |   757 ||   757
Invok: Lesser Servant of |       |       |       |     3 |       ||     3
 Abil: Evoke Berserk Rag |       |       |       |     4 |     5 ||     9
Evoke: Wand              |       |       |       |     8 |       ||     8
  Use: Scroll            |       |       |    13 |     3 |    13 ||    29
  Eat: Chunk             |     1 |     5 |    13 |    17 |    22 ||    58
       Beef jerky        |       |       |       |     2 |     1 ||     3
       Royal jelly       |       |       |       |     1 |     2 ||     3
       Pizza             |       |       |       |       |     1 ||     1
Armor: Scale mail        |    28 |   114 |   158 |    14 |       ||   314
       Plate armour      |       |       |       |   257 |   127 ||   384
       Chain mail        |       |       |       |       |   232 ||   232
Dodge: Dodged            |    13 |    71 |   109 |   257 |   476 ||   926
Block: Shield            |    25 |   121 |   197 |   395 |   675 ||  1413
